 Dungeon Crawl Stone Soup version 0.26.0-10-g1f06aea511 (webtiles) character file.

Game seed: 6851753730980102678

905 Frank the Cudgeller (level 8, -5/56 HPs)
             Began as an Octopode Fighter on Jan 18, 2021.
             Killed by divine providence
             ... invoked by an orc priest
              (13 damage)
             ... on level 5 of the Dungeon.
             The game lasted 00:06:07 (4662 turns).

Frank the Cudgeller (Octopode Fighter)              Turns: 4662, Time: 00:06:08

Health: -5/56      AC:  3    Str: 15    XL:     8   Next: 8%
Magic:  8/8        EV: 13    Int: 10    God:
Gold:   239        SH: 15    Dex: 14    Spells: 7/7 levels left

rFire    . . .     SeeInvis +   a - +2 flail
rCold    . . .     Faith    .   b - +1 kite shield
rNeg     . . .     Spirit   .   g - +2 hat {SInv}
rPois    .         Reflect  +   m - amulet of reflection
rElec    .         Harm     .   (no ring)
rCorr    .         Rampage  .   (no ring)
Will     .....                  (no ring)
Stlth    ++........             (no ring)
HPRegen  0.18/turn              (no ring)
MPRegen  0.11/turn              (no ring)
                                (no ring)
                                (no ring)

@: marked, berserk cooldown, slowed, very slow
A: almost no armour, stealthy swim, amphibious, 8 rings, constrict 8, camouflage
1, gelatinous body 1
a: no special abilities


You were on level 5 of the Dungeon.
You visited 1 branch of the dungeon, and saw 6 of its levels.

You collected 239 gold pieces.

Inventory:

Hand Weapons
 a - a +2 flail (weapon)
Armour
 b - a +1 kite shield (worn)
 g - a +2 hat of see invisible (worn)
Jewellery
 m - an amulet of reflection (around mantle)
Scrolls
 e - 3 scrolls of enchant armour
 j - 3 scrolls of enchant weapon
 k - 2 scrolls of identify
Potions
 c - a potion of might
 f - a potion of attraction
 h - a potion of heal wounds {unknown}
 i - a potion of haste {unknown}
 n - a potion of berserk rage


   Skills:
 * Level 5.6 Fighting
 + Level 6.0 Maces & Flails
 + Level 4.4 Dodging
 + Level 4.7 Shields


You had 7 spell levels left.
You didn't know any spells.
Your spell library contained the following spells:

 Spells                   Type           Power        Failure   Level
 Confusing Touch          Hex            0%           99%         3
 Gell's Gravitas          Tloc           0%           99%         3
 Petrify                  Tmut/Erth      0%           100%        4
 Metabolic Englaciation   Hex/Ice        0%           100%        5
 Yara's Violent Unravell  Hex/Tmut       0%           100%        5


Dungeon Overview and Level Annotations

Branches:
Dungeon (6/15)
 Temple: D:4-7

Altars:
Cheibriados
Trog
Uskayaw
Wu Jian
Zin


Innate Abilities, Weirdness & Mutations

You cannot wear most types of armour.
You are very stealthy in the water. (Stealth+)
You are amphibious.
You can wear up to eight rings at the same time.
You can use your tentacles to constrict eight enemies at once.
Your skin changes colour to match your surroundings (Stealth+).
Your rubbery body absorbs attacks. (AC +1, EV +1)


Message History

* * * LOW HITPOINT WARNING * * *
The gnoll hits you from afar with a +0 halberd.
* * * LOW HITPOINT WARNING * * *
You can move again.
You feel better. You block the worker ant's attack.
You block the orc priest's attack. The gnoll barely misses you.
The worker ant misses you.
An orc priest comes into view. It is wielding a +0 dagger.
The orc priest invokes the aid of Beogh against you.
Beogh smites you!
* * * LOW HITPOINT WARNING * * *
You feel better. You block the worker ant's attack.
An orc comes into view. It is wielding a +0 dagger of speed.
You block the worker ant's attack.
As you read the scroll labelled INNETWIADE, it crumbles to dust.
Your +2 flail glows shining lime green for a moment.
It was a scroll of random uselessness.
The orc priest invokes the aid of Beogh against you.
Beogh smites you!
You die...

### #...### .
.#...#
..#....#
#...#..# . .
#...#### ..#.
#.#BB@o#
....+##.lg##.#
#...#Jg# o#
#.>....# .o
#......#####
#.#..B.....#
#g..#...##.#
.....+##hg...#
.#.. #.....#


You could see an iguana, a jelly, 2 worker ants, 2 orc priests, a gnoll and an
orc.

Vanquished Creatures
  2 phantoms (D:4)
  An ogre (D:4)
  3 hounds
  2 orc priests (D:4)
  2 iguanas
  Jessica (D:2)
  Terence (D:2)
  3 worker ants (D:5)
  2 orc wizards
  A hound skeleton (D:2)
  5 gnolls
  8 adders
  An adder zombie (D:5)
  2 adder skeletons (D:2)
  4 worms
  4 leopard geckos
  13 orcs
  8 bats
  2 bat skeletons (D:2)
  A bat zombie (D:2)
  6 giant cockroaches
  5 goblins
  2 hobgoblins (D:1)
  12 jackals
  A quokka (D:4)
  A ball python (D:1)
  A ball python zombie (D:2)
  9 frilled lizards
  3 giant cockroach zombies (D:2)
  12 kobolds
  2 quokka zombies
  9 rats
129 creatures vanquished.

Vanquished Creatures (others)
  16 plants (D:4)
  A withered plant (D:2)
17 creatures vanquished.

Grand Total: 146 creatures vanquished

Notes
Turn   | Place    | Note
-------+----------+-------------------------------------------
     0 | D:1      | Frank the Octopode Fighter began the quest for the Orb.
     0 | D:1      | Reached XP level 1. HP: 16/16 MP: 1/1
    40 | D:1      | Reached XP level 2. HP: 21/21 MP: 2/2
   287 | D:1      | Reached XP level 3. HP: 23/26 MP: 3/3
  1125 | D:2      | Found a hide-covered altar of Uskayaw.
  1170 | D:2      | Reached XP level 4. HP: 33/33 MP: 4/4
  1324 | D:2      | Found a bloodstained altar of Trog.
  1581 | D:2      | Noticed Terence
  1590 | D:2      | Killed Terence
  1591 | D:2      | Reached skill level 3 in Maces & Flails
  1591 | D:2      | Reached XP level 5. HP: 16/37 MP: 5/5
  2345 | D:2      | Noticed Jessica
  2347 | D:2      | Killed Jessica
  3168 | D:4      | Noticed an ogre
  3182 | D:4      | Killed an ogre
  3183 | D:4      | Reached skill level 4 in Maces & Flails
  3183 | D:4      | Reached XP level 6. HP: 38/44 MP: 6/6
  3191 | D:4      | Noticed a phantom
  3200 | D:4      | Killed a phantom
  3599 | D:4      | Reached XP level 7. HP: 45/49 MP: 7/7
  3611 | D:4      | Reached skill level 5 in Maces & Flails
  3637 | D:4      | Reached skill level 5 in Fighting
  3979 | D:4      | Found an ornate altar of the Wu Jian Council.
  3985 | D:4      | Found a glowing silver altar of Zin.
  4126 | D:4      | Found a snail-covered altar of Cheibriados.
  4221 | D:5      | Entered Level 5 of the Dungeon
  4651 | D:5      | Reached XP level 8. HP: 32/56 MP: 8/8
  4658 | D:5      | Reached skill level 6 in Maces & Flails
  4659 | D:5      | HP: 1/56 [gnoll/+0 halberd (5)]
  4662 | D:5      | Killed from afar by an orc priest

Illustrated notes

Levels and vault maps discovered:
D:1:      shiori_arrival_elements, layout_basic
D:2:      layout_basic, overflow_temple_1_default, bloody_trog, serial_undead,
          serial_undead_a, serial_undead_f, serial_undead_b, serial_undead_e,
          serial_undead_f, serial_undead_a, serial_undead_a, uniq_jessica,
          uniq_terence
D:3:      layout_basic
D:4:      layout_loops_ring, cheibriados_altar_1,
          nicolae_overflow_hidden_temple, guppyfry_early_lair_pool
D:5:      lemuel_ice_spiral_2, layout_basic, minmay_fractal_squares_diagonal_5
D:6:      layout_rooms, serial_park_tiny_2, moated_statue

Skill      XL: |  1  2  3  4  5  6  7  8 |
---------------+-------------------------+-----
Fighting       | 4 5 |  5.6
Maces & Flails | 3 4 5 6 |  6.0
Shields        | 4 |  4.7
Dodging        | 4 |  4.4

Action                   |  1- 3 |  4- 6 |  7- 9 || total
-------------------------+-------+-------+-------++-------
Melee: Flail             |    69 |   115 |   101 ||   285
       Constrict         |    17 |    32 |    22 ||    71
       Tentacles         |    10 |    23 |    18 ||    51
  Use: Scroll            |     3 |     4 |     4 ||    11
       Potion            |       |     1 |     4 ||     5
 Stab: Sleeping          |     8 |    11 |     1 ||    20
Armor: Skin              |     8 |    18 |     5 ||    31
Dodge: Dodged            |    22 |    53 |    47 ||   122
Block: Kite shield       |    38 |    47 |    75 ||   160
       Reflection        |       |       |     1 ||     1
